 Dungeon Crawl Stone Soup version 0.31-a0-1300-gb6740aa4e6 (webtiles) character file.

Game seed: 3263470804711160721

84 gruber the Chiller (level 4, 15/30 HPs)
             Began as a Demonspawn Ice Elementalist on Dec 18, 2023.
             Quit the game on level 2 of the Dungeon.
             The game lasted 00:01:20 (1176 turns).

gruber the Chiller (Demonspawn Ice Elementalist)    Turns: 1176, Time: 00:01:20

Health: 15/30      AC:  2    Str:  8    XL:     4   Next: 23%
Magic:  4/7        EV: 12    Int: 18    God:
Gold:   41         SH:  0    Dex: 13    Spells: 3/7 levels left

rFire   . . .        g - +0 short sword
rCold   . . .        (no shield)
rNeg    . . .        a - +0 robe
rPois   .            (no helmet)
rElec   .            (no cloak)
rCorr   .            (no gloves)
SInv    .            (no boots)
Will    .....        (no amulet)
Stlth   ++           (no ring)
HPRegen 0.25/turn    (no ring)
MPRegen 0.20/turn

%: no passive effects
@: slowed, very slow
A: magic regeneration, weakness stinger 1
a: no special abilities


You were on level 2 of the Dungeon.
You visited 1 branch of the dungeon, and saw 2 of its levels.

You collected 41 gold pieces.

Inventory:

Hand Weapons
 g - a +0 short sword (weapon)
Armour
 a - a +0 robe (worn)
Scrolls
 d - a scroll of identify {unknown}
 e - a scroll of teleportation {unknown}
Potions
 b - a potion of magic
 c - a potion of haste {unknown}
 f - a potion of ambrosia {unknown}


   Skills:
 - Level 1.7 Dodging
 - Level 1.7 Stealth
 - Level 2.0 Spellcasting
 + Level 5.2 Ice Magic


You had 3 spell levels left.
You knew the following spells:

 Your Spells              Type           Power      Damage    Failure   Level
a - Freeze                Ice            80%        1d9       1%          1
b - Frozen Ramparts       Ice            40%        1d7       6%          3

Your spell library contained the following spells:

 Spells                   Type           Power      Damage    Failure   Level
 Ozocubu's Armour         Ice            20%        N/A       6%          3
 Summon Ice Beast         Ice/Summ       11%        N/A       52%         4


Dungeon Overview and Level Annotations

Branches:
Dungeon (2/15)

Altars:


Innate Abilities, Weirdness & Mutations

You regenerate magic rapidly.
You have a small tail.


Message History

Confirm with . or Enter, or press ? or * to list all spells.
Aiming: Freeze (safe; 3% risk of failure)
Press: ? - help, Shift-Dir - straight line, f/p - Natasha
Aim: Natasha (almost dead)
You freeze Natasha.
You kill Natasha!
Natasha growls in agony!
The cerulean imp disappears in a puff of smoke!
Your Ice Magic skill increases to level 5!
Unknown command.
Magic restored.
Natasha, Servant of Life and Death comes into view.
Natasha is nearby!
Natasha is nearby!
Natasha mumbles some strange words.
Natasha's front paws start to glow.
Casting: Freeze (safe; 2% risk of failure)
Confirm with . or Enter, or press ? or * to list all spells.
Aiming: Freeze (safe; 2% risk of failure)
Press: ? - help, Shift-Dir - straight line, f - Natasha
Aim: Natasha You freeze Natasha!
Natasha is severely wounded.
Natasha casts a spell.
Natasha claws you.
Casting: Freeze (safe; 2% risk of failure)
Confirm with . or Enter, or press ? or * to list all spells.
Aiming: Freeze (safe; 2% risk of failure)
Press: ? - help, Shift-Dir - straight line, f/p - Natasha
Aim: Natasha (severely wounded)
You freeze Natasha!
You kill Natasha!
Moaning pathetically, Natasha's spirit plunges into the ground.
The cerulean imp disappears in a puff of smoke!
You have reached level 4!
You feel clever.
You feel monstrous as your demonic heritage exerts itself.
Your demonic ancestry asserts itself...
You grow a small tail.
Are you sure you want to abandon this character and quit the game? (Confirm with "yes".)

#####
#<..#######
#.#........
#...#######
######.##
#....@..#
#.####..###.h.
#....#......#
#..#h..####.#
#...###.......#
#.#.. ...####.#
#.........#
#..##...### #..
##.#


There were no monsters in sight!

Vanquished Creatures
  Natasha (twice) (D:2)
  2 dart slugs (D:1)
  7 endoplasms (D:1)
  2 giant cockroaches (D:1)
  A goblin (D:1)
  A hobgoblin (D:1)
  4 jackals (D:1)
  2 bats (D:1)
  2 kobolds (D:1)
  5 rats
28 creatures vanquished.

Notes
Turn   | Place    | Note
-------+----------+-------------------------------------------
     0 | D:1      | gruber the Demonspawn Ice Elementalist began the quest for
                  | the Orb.
     0 | D:1      | Reached XP level 1. HP: 13/13 MP: 3/3
   208 | D:1      | Reached skill level 4 in Ice Magic
   232 | D:1      | Gained mutation: You regenerate magic rapidly. [demonic
                  | ancestry]
   232 | D:1      | Reached XP level 2. HP: 4/19 MP: 1/5
   729 | D:1      | Reached XP level 3. HP: 22/24 MP: 3/6
   733 | D:1      | Learned a level 3 spell: Frozen Ramparts
  1139 | D:2      | Noticed Natasha
  1149 | D:2      | Killed Natasha
  1150 | D:2      | Reached skill level 5 in Ice Magic
  1165 | D:2      | Noticed Natasha
  1175 | D:2      | Killed Natasha
  1176 | D:2      | Discovered your monstrous ancestry.
  1176 | D:2      | Gained mutation: You have a small tail. [demonic ancestry]
  1176 | D:2      | Reached XP level 4. HP: 15/30 MP: 4/7
  1176 | D:2      | Quit the game

Illustrated notes

Levels and vault maps discovered:
D:1:      dpeg_arrival_erosion, layout_basic
D:2:      layout_loops_ring, serial_shops, shop, nicolae_shop_trees,
          nicolae_shop_gibbet_a_chance, uniq_natasha

Skill      XL: |  1  2  3 |
---------------+----------+-----
Ice Magic      | 4 5 |  5.2
Dodging        | |  1.7
Stealth        | |  1.7
Spellcasting   | |  2.0

Action                     |  1- 3 |  4- 6 || total
---------------------------+-------+-------++-------
  Melee: Unarmed           |    30 |       ||    30
         Dagger            |    13 |       ||    13
         Punch             |     1 |       ||     1
         Short sword       |    17 |       ||    17
   Cast: Freeze            |    38 |       ||    38
 Armour: Robe              |    51 |       ||    51
  Dodge: Dodged            |    56 |       ||    56

Table legend: (Time is in decaauts)
 A = Elapsed time spent in this place.
 B = Non-inter-level travel time spent in this place.
 C = Inter-level travel time spent in this place.
 D = Time resting spent in this place.
 E = Time spent auto-exploring this place.
 F = Levels seen in this place.
 G = Mean time per level.
                   A        B        C        D        E       F      G
               +--------+--------+--------+--------+--------+-----+--------+
         Total |   1191 |   1161 |     30 |      0 |    912 |   2 |  595.5 |
       Dungeon |   1191 |   1161 |     30 |      0 |    912 |   2 |  595.5 |
               +--------+--------+--------+--------+--------+-----+--------+

Top non-repeatable levels by time:
     D:1: 1133 daAuts
     D:2: 58 daAuts
